 Seeded DCSS version 0.29-a0-25-g7f48f510a0 (webtiles) character file.

Game seed: 10000000000011 (custom seed)

12688 knot the Cleaver (level 11, 0/75 HPs)
             Began as a Demonspawn Berserker on Jan 31, 2022.
             Was a Believer of Trog.
             Slain by a wolf (3 damage)
             ... on level 1 of the Lair of Beasts.
             The game lasted 00:21:12 (15967 turns).

knot the Cleaver (Demonspawn Berserker)            Turns: 15967, Time: 00:21:14

Health: 0/75       AC: 14    Str: 18    XL:     11   Next: 65%
Magic:  0/21       EV:  8    Int: 17    God:    Trog [**....]
Gold:   279        SH:  5    Dex: 13    Spells: 10/10 levels left

rFire   . . .      SeeInvis .   H - +0 battleaxe
rCold   + . .      Faith    .   (shield currently unavailable)
rNeg    . . .      Spirit   +   E - +1 chain mail of Urghimes {Fly rPois rC+ Slay-2 Stlth+}
rPois   +          Reflect  +   B - +3 hat of Pondering {ponderous, Will+ MP+10 Int+5}
rElec   .          Harm     .   D - +1 cloak {Stlth+}
rCorr   .          Rampage  .   (gloves unavailable)
Will    +....                   (no boots)
Stlth   +.........              d - amulet of reflection
HPRegen 1.22/turn               (no ring)
MPRegen 0.34/turn               (no ring)

@: on berserk cooldown, flying, slowed, very slow
A: powered by death 1, magic shield, magic regeneration, sturdy frame 1, demonic
touch 3
a: Renounce Religion, Berserk, Trog's Hand


You were on level 1 of the Lair of Beasts.
You worshipped Trog.
Trog was pleased with you.
You visited 2 branches of the dungeon, and saw 11 of its levels.

You collected 619 gold pieces.
You spent 340 gold pieces at shops.

Inventory:

Hand Weapons
 q - a +0 war axe
 y - a +2 hand axe
 C - a +3 scimitar of flaming
 H - a +0 battleaxe (weapon)
Missiles
 f - 231 stones
 j - 8 poisoned darts
 p - 8 boomerangs
 u - a curare-tipped dart (quivered)
 x - 22 sling bullets
 N - a throwing net
Armour
 h - a +0 ring mail
 B - the +3 hat of Pondering (worn) {ponderous, Will+ MP+10 Int+5}
   (You found it on level 8 of the Dungeon)

   Int:       It affects your intelligence (+5).
   MP:        It affects your magic capacity (+10).
   Will:      It increases your willpower.
 D - a +1 cloak of stealth (worn)
 E - the +1 chain mail of Urghimes (worn) {Fly rPois rC+ Slay-2 Stlth+}
   (You bought it in a shop on level 3 of the Dungeon)

   Slay:      It affects your accuracy & damage with ranged weapons and melee
   (-2).
   rC:        It protects you from cold.
   rPois:     It protects you from poison.
   Fly:       It grants you flight.
   Stlth:     It makes you more stealthy.
 I - a +2 robe of cold resistance
 J - a +2 robe of fire resistance
 K - +0 acid dragon scales
Jewellery
 d - an amulet of reflection (around neck)
 G - a ring of willpower
Wands
 a - a wand of flame (24)
 o - a wand of polymorph (12)
 w - a wand of iceblast (16)
Scrolls
 c - 2 scrolls of amnesia
 k - a scroll of fear {unknown}
 m - 4 scrolls of blinking
 n - 2 scrolls of fog
 r - 2 scrolls of holy word {unknown}
 t - 3 scrolls of teleportation {unknown}
 F - a scroll of magic mapping {unknown}
 L - a scroll of torment {unknown}
 M - a scroll of immolation {unknown}
Potions
 b - a potion of magic {unknown}
 e - 6 potions of curing
 g - a potion of lignification {unknown}
 l - a potion of heal wounds {unknown}
 s - a potion of brilliance {unknown}
 v - 2 potions of resistance
 z - 2 potions of attraction
 A - a potion of berserk rage {unknown}


   Skills:
 - Level 3.0 Fighting
 * Level 14.0 Axes
 * Level 10.4 Throwing
 - Level 1.7 Armour
 - Level 1.7 Dodging


You had 10 spell levels left.
You didn't know any spells.
Your spell library contained the following spells:

 Spells                   Type           Power      Damage    Failure   Level
 Pain                     Necr           0%         1d4       86%         1
 Corpse Rot               Necr/Air       0%         N/A       95%         2
 Ensorcelled Hibernation  Hex/Ice        0%         N/A       95%         2
 Passwall                 Tmut/Erth      0%         N/A       95%         2
 Poisonous Vapours        Pois/Air       0%         N/A       95%         2
 Ozocubu's Armour         Ice            0%         N/A       99%         3
 Summon Guardian Golem    Hex/Summ       0%         N/A       99%         3
 Swiftness                Air            0%         N/A       99%         3
 Tukima's Dance           Hex            0%         N/A       99%         3
 Anguish                  Hex/Necr       0%         N/A       100%        4
 Agony                    Necr           0%         N/A       100%        5
 Excruciating Wounds      Necr           0%         N/A       100%        5
 Metabolic Englaciation   Hex/Ice        0%         N/A       100%        5
 Simulacrum               Ice/Necr       0%         N/A       100%        6
 Enfeeble                 Hex            0%         N/A       100%        7
 Orb of Destruction       Conj           0%         9d5       100%        7
 Spellforged Servitor     Conj/Summ      0%         N/A       100%        7


Dungeon Overview and Level Annotations

Branches:
Dungeon (9/15)             Temple (0/1) D:4            Lair (2/6) D:9
  Swamp: Lair:2-4    Shoals: Lair:2-4     Snake: Lair:2-4    Spider: Lair:2-4
    Orc: D:9-12

Altars:
Elyvilon
Nemelex Xobeh
Okawaru
Ru
Uskayaw
Xom

Shops:
D:3 [   D:8 :

Annotations:
D:8 2 runed translucent doors, knot's ghost, novice DsBe


Innate Abilities, Weirdness & Mutations

You regenerate a little health from kills.
When hurt, damage is shared between your health and your magic reserves.
You regenerate magic rapidly.
Your movements are slightly less encumbered by armour. (ER -2)
Your touch may irresistibly damage your foes and sap their willpower.


Message History

You barely miss the wolf.
The wolf is moderately wounded.
The wolf bites you!
* * * LOW HITPOINT WARNING * * *
The wolf completely misses you.
Unknown command.
You closely miss the wolf.
The wolf is moderately wounded.
The wolf bites you but does no damage.
Unknown command.
You miss the wolf.
The wolf is moderately wounded.
The wolf barely misses you.
You slash the wolf!
The wolf is severely wounded.
The wolf closely misses you.
You barely miss the wolf.
The wolf is severely wounded.
The wolf bites you.
* * * LOW HITPOINT WARNING * * *
You barely miss the wolf.
The wolf is severely wounded.
The wolf bites you.
* * * LOW HITPOINT WARNING * * *
You miss the wolf.
The wolf is severely wounded.
Your skin stops crawling.
You feel less strong-willed. The wolf bites you but does no damage.
You barely miss the wolf.
The wolf is severely wounded.
You are no longer berserk.
You are exhausted.
You feel yourself slow down. The wolf bites you.
* * * LOW HITPOINT WARNING * * *
You hit the wolf.
The wolf is severely wounded.
The wolf bites you but does no damage. The wolf bites you!
* * * LOW HITPOINT WARNING * * *
The wolf bites you.
You die...

####.........♣.....
#P...#.##........
##...####........
##.........^.....
#..........#####.
#######..........# ##.
#.##P##.....#....# #..
##...÷†.....###..##
##. #....÷@.....# #..#
##. ##...÷h.....#
#..####.. #######....#
#........
#.....###........
##....#.#........
#P...........##..
#######..........##P..
#................###..
#.....................


You could see a wolf.

Vanquished Creatures
  A hydra (Lair:1)
  Harold (D:8)
  Erica (D:8)
  A two-headed ogre (D:8)
  A black mamba (D:9)
  2 cane toads (Lair:1)
  Joseph (D:7)
  A komodo dragon (Lair:1)
  A kobold demonologist (D:5)
  Prince Ribbit (D:8)
  4 dream sheep (Lair:1)
  6 blink frogs (Lair:1)
  13 yaks
  A basilisk (Lair:1)
  An acid dragon (D:9)
  4 water moccasins
  3 orc warriors
  A black bear (D:5)
  A necrophage (D:6)
  5 wolves
  An ice beast (D:7)
  4 ogres
  A boggart (D:5)
  A centaur (D:8)
  A phantom (D:6)
  A kobold brigand (D:7)
  6 scorpions
  5 bullfrogs
  2 wyvern zombies (D:7)
  A wyvern skeleton (D:7)
  Dowan (D:4)
  8 killer bees (D:9)
  9 wights
  3 howler monkeys (D:9)
  2 centaur zombies
  3 orc priests
  3 hounds
  2 jellies
  2 bullfrog skeletons
  3 centaur skeletons
  Ijyb (D:4)
  4 orc wizards
  A scorpion zombie (D:5)
  7 adders
  A shadow imp (D:7)
  A white imp (D:5)
  A worm (Lair:1)
  20 orcs
  6 endoplasms
  2 giant cockroaches
  5 goblins
  5 hobgoblins
  14 jackals
  A quokka (D:4)
  4 ball pythons
  7 bats
  5 frilled lizards
  7 kobolds
  5 rats
206 creatures vanquished.

Vanquished Creatures (others)
  9 fungi
  3 plants (D:9)
12 creatures vanquished.

Grand Total: 218 creatures vanquished

Notes
Turn   | Place    | Note
-------+----------+-------------------------------------------
     0 | D:1      | knot the Demonspawn Berserker began the quest for the Orb.
     0 | D:1      | Reached XP level 1. HP: 18/18 MP: 1/1
    56 | D:1      | Reached skill level 3 in Axes
   444 | D:1      | Gained mutation: You regenerate magic rapidly. [demonic
                  | ancestry]
   444 | D:1      | Reached XP level 2. HP: 21/24 MP: 2/2
  1339 | D:2      | Gained mutation: Your touch may inflict minor irresistible
                  | damage on your foes. [demonic ancestry]
  1339 | D:2      | Reached XP level 3. HP: 29/29 MP: 3/3
  1366 | D:2      | Reached ** piety under Trog
  1486 | D:2      | Reached skill level 4 in Axes
  1740 | D:2      | Reached XP level 4. HP: 34/35 MP: 4/4
  2609 | D:3      | Noticed an ogre
  2615 | D:3      | Killed an ogre
  2616 | D:3      | Reached skill level 5 in Axes
  2616 | D:3      | Reached XP level 5. HP: 38/41 MP: 5/5
  2795 | D:3      | Found Daocsar's Antique Armour Emporium.
  3117 | D:4      | Found a staircase to the Ecumenical Temple.
  3147 | D:4      | Reached skill level 6 in Axes
  3156 | D:4      | Noticed Ijyb
  3207 | D:4      | Killed Ijyb
  3208 | D:4      | Gained mutation: Your touch may inflict irresistible damage
                  | on your foes. [demonic ancestry]
  3208 | D:4      | Reached XP level 6. HP: 14/47 MP: 6/6
  3751 | D:4      | Noticed Dowan
  3752 | D:4      | Noticed Duvessa
  3763 | D:4      | Noticed Duvessa
  3763 | D:4      | Duvessa changed into Duvessa the wolf
  3775 | D:4      | Killed Duvessa the wolf
  3777 | D:4      | Killed Dowan
  3778 | D:4      | Reached skill level 7 in Axes
  4135 | D:5      | Entered Level 5 of the Dungeon
  4184 | D:5      | Noticed a kobold demonologist
  4195 | D:5      | Killed a kobold demonologist
  4196 | D:5      | Reached skill level 8 in Axes
  4196 | D:5      | Gained mutation: When hurt, damage is shared between your
                  | health and your magic reserves. [demonic ancestry]
  4196 | D:5      | Reached XP level 7. HP: 52/52 MP: 7/7
  4872 | D:5      | Reached skill level 9 in Axes
  4872 | D:5      | Gained mutation: You regenerate a little health from kills.
                  | [demonic ancestry]
  4872 | D:5      | Reached XP level 8. HP: 53/58 MP: 8/8
  5294 | D:5      | Found a hide-covered altar of Uskayaw.
  5386 | D:5      | You fall into a shaft and drop 3 floors!
  5408 | D:8      | Reached skill level 1 in Throwing
  5854 | D:7      | Reached skill level 10 in Axes
  5923 | D:6      | Found an iron altar of Okawaru.
  5923 | D:6      | Found a sparkling altar of Nemelex Xobeh.
  5923 | D:6      | Found a shimmering altar of Xom.
  6537 | D:6      | Gained mutation: Your touch may irresistibly damage your
                  | foes and sap their willpower. [demonic ancestry]
  6537 | D:6      | Reached XP level 9. HP: 60/63 MP: 9/9
  7440 | D:7      | Found a sacrificial altar of Ru.
  7678 | D:7      | Noticed Joseph
  7689 | D:7      | Killed Joseph
  7690 | D:7      | Reached skill level 11 in Axes
  7690 | D:7      | Reached skill level 5 in Throwing
  8178 | D:4      | Found a staircase to the Ecumenical Temple.
  8661 | D:8      | Noticed Harold
  8675 | D:8      | Killed Harold
  9422 | D:8      | Found the +3 hat of Pondering {ponderous, Will+ MP+10
                  | Int+5}
  9537 | D:3      | Bought a runed cloak for 150 gold pieces
  9537 | D:3      | Bought an ichor-stained chain mail for 190 gold pieces
  9537 | D:3      | Identified the +1 chain mail of Urghimes {Fly rPois rC+
                  | Slay-2 Stlth+} (You bought it in a shop on level 3 of the
                  | Dungeon)
  9657 | D:8      | Noticed Prince Ribbit
  9674 | D:8      | Killed Prince Ribbit
  9675 | D:8      | Reached XP level 10. HP: 59/70 MP: 10/10
  9787 | D:8      | Noticed Erica
  9803 | D:8      | Killed Erica
  9946 | D:8      | Found a large runed translucent door.
  9946 | D:8      | Found a large runed translucent door.
  9954 | D:8      | Noticed knot's ghost (novice DsBe)
 10014 | D:8      | Noticed a two-headed ogre
 10030 | D:8      | Killed a two-headed ogre
 10031 | D:8      | Reached skill level 12 in Axes
 10411 | D:8      | Found Yhyquem's Self-Improvement Boutique.
 12022 | D:9      | Found a staircase to the Lair.
 12741 | Lair:1   | Entered Level 1 of the Lair of Beasts
 12751 | Lair:1   | Noticed a black mamba
 12775 | D:9      | Killed a black mamba
 13214 | Lair:1   | Noticed a cane toad
 13236 | Lair:1   | Killed a cane toad
 13237 | Lair:1   | Reached skill level 13 in Axes
 13315 | Lair:1   | Noticed a cane toad
 13330 | Lair:1   | Killed a cane toad
 13331 | Lair:1   | Gained mutation: Your movements are slightly less
                  | encumbered by armour. (ER -2) [demonic ancestry]
 13331 | Lair:1   | Reached XP level 11. HP: 75/75 MP: 11/11
 13878 | Lair:1   | Noticed Maggie
 13879 | Lair:1   | Noticed Maggie
 13879 | Lair:1   | Maggie changed into Maggie the worm
 13886 | Lair:1   | Killed Maggie the worm
 14292 | Lair:1   | Noticed a five-headed hydra
 14902 | Lair:1   | Killed a one-headed hydra
 14903 | Lair:1   | Reached skill level 10 in Throwing
 15952 | Lair:1   | HP: 2/112 [yak (5)]
 15958 | Lair:1   | Reached skill level 14 in Axes
 15967 | Lair:1   | HP: 3/75 [wolf (5)]
 15967 | Lair:1   | Slain by a wolf

Illustrated notes

Levels and vault maps discovered:
D:1:      lordsloth_arrival_two_stooges, layout_basic, grunt_decor_fettered,
          minmay_misc_feat_diagonals, nicolae_concentric_dashed_squares_wild
D:2:      layout_rooms, hangedman_decor_clover_reticule
D:3:      layout_basic, serial_shops, shop, kennysheep_path_1
D:4:      layout_rooms, temple_doors_e, uniq_duvessa, uniq_ijyb
D:5:      layout_loops_cross, nicolae_uskayaw_suspiria, item_on_display_a
D:6:      layout_rooms, nicolae_overflow_hidden_temple, grunt_ministairs_6
D:7:      layout_loops_ring, nicolae_ru_awakened_eye, palyth_stone_intersect,
          minmay_misc_feat_alley, minivault_27, uniq_joseph
D:8:      layout_loops_ring, ebering_ghost_disaster_area,
          nicolae_shop_self_help, uniq_harold, uniq_erica, uniq_prince_ribbit1
D:9:      layout_grid_maze, grunt_lair_entry_orc_guard_hut
Lair:1:   layout_small_grid, minivault_27, grunt_forest_small_clearing_treed,
          uniq_maggie
Lair:2:   layout_cave_pods, swamp_mist_pool

Skill      XL: |  1  2  3  4  5  6  7  8  9 10 11 |
---------------+----------------------------------+-----
Axes           | 3 4 5 6 8 9 10 11 13 14 | 14.0
Throwing       | 3 6 9 10 | 10.4
Fighting       | |  3.0
Armour         | |  1.7
Dodging        | |  1.7

Action                   |  1- 3 |  4- 6 |  7- 9 | 10-12 || total
-------------------------+-------+-------+-------+-------++-------
Melee: Hand axe          |   103 |    84 |    12 |   322 ||   521
       Punch             |     1 |       |     3 |     3 ||     7
       Touch             |     6 |    15 |    33 |    71 ||   125
       War axe           |       |    21 |   179 |       ||   200
       Battleaxe         |       |       |       |    43 ||    43
       Scimitar          |       |       |       |     8 ||     8
Throw: Stone             |       |     4 |       |       ||     4
       Dart              |       |     1 |       |    11 ||    12
       Boomerang         |       |       |    24 |    26 ||    50
       Throwing net      |       |       |       |     3 ||     3
Invok: Berserk           |     1 |     5 |    10 |    17 ||    33
       Trog's Hand       |       |     1 |     2 |     2 ||     5
Evoke: Wand              |       |     4 |     1 |     5 ||    10
  Use: Scroll            |       |       |       |     7 ||     7
       Potion            |       |       |       |     2 ||     2
Armor: Animal skin       |     9 |       |       |       ||     9
       Ring mail         |    26 |    32 |    31 |       ||    89
       Chain mail        |       |       |     4 |   159 ||   163
Dodge: Dodged            |    84 |    60 |    86 |   117 ||   347
Block: Other             |    35 |    15 |    53 |    65 ||   168
       Reflection        |       |       |     2 |       ||     2

Table legend: (Time is in decaauts)
 A = Elapsed time spent in this place.
 B = Non-inter-level travel time spent in this place.
 C = Inter-level travel time spent in this place.
 D = Time resting spent in this place.
 E = Time spent auto-exploring this place.
 F = Levels seen in this place.
 G = Mean time per level.
                   A        B        C        D        E       F      G
               +--------+--------+--------+--------+--------+-----+--------+
         Total |  16456 |  15413 |   1043 |   6753 |   6905 |  11 | 1496.0 |
       Dungeon |  13709 |  12685 |   1024 |   5392 |   5996 |   9 | 1523.2 |
          Lair |   2747 |   2729 |     18 |   1361 |    908 |   2 | 1373.5 |
               +--------+--------+--------+--------+--------+-----+--------+

Top non-repeatable levels by time:
  Lair:1: 2739 daAuts
     D:8: 2402 daAuts
     D:9: 1980 daAuts
     D:7: 1928 daAuts
     D:4: 1699 daAuts
     D:5: 1494 daAuts
     D:1: 1349 daAuts
     D:6: 1122 daAuts
     D:3: 999 daAuts
     D:2: 731 daAuts
  Lair:2: 8 daAuts
